 Dungeon Crawl Stone Soup version 0.17.1-2-g5865329 (webtiles) character file.

141 Gargoyl the Skirmisher (level 5, -4/42 HPs)
             Began as a Demonspawn Abyssal Knight on Feb 11, 2016.
             Was a Believer of Lugonu.
             Killed from afar by an orc wizard (5 damage)
             ... with a puff of frost
             ... on level 3 of the Dungeon.
             The game lasted 00:06:55 (3024 turns).

Gargoyl the Skirmisher (Demonspawn Abyssal Knight)  Turns: 3024, Time: 00:06:55

Health: -4/42      AC: 10    Str: 14    XL:     5   Next: 3%
Magic:  7/7        EV:  9    Int: 13    God:    Lugonu [**....]
Gold:   243        SH:  0    Dex: 12    Spells: 0 memorised, 4 levels left

rFire  . . .     SeeInvis .     t - +3 hand axe
rCold  . . .     Clarity  .     g - +0 chain mail
rNeg   + . .     SustAt   .     (no shield)
rPois  .         Gourm    .     e - +0 helmet
rElec  .         Spirit   .     (no cloak)
rCorr  .         Warding  .     (no gloves)
rMut   .         Stasis   .     (no boots)
MR     .....                    (no amulet)
Stlth  ..........               m - ring of positive energy
                                (no ring)

@: not resistant to hostile enchantments, extremely unstealthy
A: repulsion field 2, powered by pain 1
a: Depart the Abyss, Bend Space, Renounce Religion


You were on level 3 of the Dungeon.
You worshipped Lugonu.
Lugonu was pleased with you.
You were not hungry.

You visited 1 branch of the dungeon, and saw 3 of its levels.
You visited the Abyss 1 time.

You collected 243 gold pieces.

Inventory:

Hand Weapons
 t - a +3 hand axe (weapon)
Missiles
 k - 4 javelins (quivered)
Armour
 e - a +0 helmet (worn)
 g - a +0 chain mail (worn)
Jewellery
 m - a ring of positive energy (right hand)
Wands
 h - a wand of slowing (44)
Scrolls
 b - 2 scrolls of identify
 i - a scroll of amnesia
 l - a scroll of teleportation
 o - 2 scrolls of remove curse
Potions
 f - a potion of brilliance
Comestibles
 a - 3 fruits
 c - 2 bread rations
 d - a meat ration
 j - a chunk of flesh


   Skills:
 + Level 3.7 Fighting
 + Level 3.0 Axes
 + Level 2.9 Armour
 + Level 1.4 Dodging
 + Level 2.9 Invocations


You had 4 spell levels left.
You didn't know any spells.

Dungeon Overview and Level Annotations

Branches:
Dungeon (3/15)

Altars:

Annotations:
D:3 Jerry's ghost, novice OpWz


Innate Abilities, Weirdness & Mutations

You are surrounded by a moderate repulsion field (EV +3).
You sometimes gain a little power by taking damage.


Message History

* * * LOW HITPOINT WARNING * * *
Unknown command.
You miss the orc wizard.
The orc wizard is almost dead.
You hit something.
You feel sick.
You are no longer poisoned.
You hear some strange, mumbled words.
A puff of flame appears from out of thin air!
The puff of flame hits you!
* * * LOW HITPOINT WARNING * * *
The orc wizard barely misses you.
Drink which item? (? for menu, Esc to quit)
Okay, then.
You closely miss the orc wizard.
The orc wizard is almost dead.
You hit something.
You hear some strange, mumbled words.
A puff of frost appears from out of thin air!
The puff of frost hits you!
You die...

.................. o...
####............ #.# ....
..##..........# ..# ....)
..............# #.# .....
...#..........# #.#......
.#.#)#.......## ##)#......
.#............###..)......
....#..........##{.#......
...##......>....@o.# .....
...##.....<.....##.# ....
#..............###.# 8..
##...........### #.# ##
###...#.....## ...
..........### ...
###...###.. .... # #...#
### ..... # ###


You could see an orc wizard.

Vanquished Creatures
  An orc priest (D:3)
  4 adders
  A worm (D:2)
  2 giant geckos (D:2)
  7 orcs (D:3)
  5 bats
  7 giant cockroaches
  5 goblins (D:1)
  6 hobgoblins
  12 kobolds
  2 ball pythons
  4 giant newts
  7 rats
63 creatures vanquished.

Notes
Turn   | Place    | Note
--------------------------------------------------------------
     0 | Abyss:1  | Gargoyl the Demonspawn Abyssal Knight began the quest for the Orb.
     0 | Abyss:1  | Reached XP level 1. HP: 18/18 MP: 2/2
   121 | Abyss:1  | Noticed a starcursed mass
   126 | Abyss:1  | Noticed a small abomination
   203 | Abyss:2  | Noticed a cyan very ugly thing
   212 | Abyss:2  | Noticed a smoke demon
   212 | Abyss:2  | Noticed a green death
   212 | D:1      | Escaped the Abyss
   448 | D:1      | Reached * piety under Lugonu
   587 | D:1      | Gained mutation: You sometimes gain a little power by taking damage. [demonic ancestry]
   587 | D:1      | Reached XP level 2. HP: 24/24 MP: 3/3
  1245 | D:2      | Gained mutation: You are surrounded by a mild repulsion field (EV +2). [demonic ancestry]
  1245 | D:2      | Reached XP level 3. HP: 26/29 MP: 5/5
  1386 | D:2      | Reached ** piety under Lugonu
  1668 | D:2      | Reached skill level 1 in Dodging
  1769 | D:3      | Noticed Jerry's ghost (novice OpWz)
  2508 | D:3      | Gained mutation: You are surrounded by a moderate repulsion field (EV +3). [demonic ancestry]
  2508 | D:3      | Reached XP level 4. HP: 21/36 MP: 6/6
  3012 | D:3      | Reached XP level 5. HP: 35/42 MP: 7/7
  3023 | D:3      | HP: 1/42 [something/puff of flame (10)]
  3024 | D:3      | Killed from afar by an orc wizard

Action                   |  1- 3 |  4- 6 || total
-------------------------+-------+-------++-------
Melee: Hand axe          |   174 |    56 ||   230
Invok: Depart the Abyss  |     1 |       ||     1
  Use: Scroll            |     8 |       ||     8
       Potion            |       |     4 ||     4
  Eat: Chunk             |     3 |     3 ||     6
       Beef jerky        |     1 |       ||     1
